 Dungeon Crawl Stone Soup version 0.20.1-1-g8b1a95d (webtiles) character file.

166 Peloso the Skirmisher (level 5, -1/41 HPs)
             Began as a Demonspawn Fighter on Oct 21, 2017.
             Slain by a hound (5 damage)
             ... on level 4 of the Dungeon.
             The game lasted 00:05:30 (2658 turns).

Peloso the Skirmisher (Demonspawn Fighter)          Turns: 2658, Time: 00:05:31

Health: -1/41      AC:  6    Str: 18    XL:     5   Next: 22%
Magic:  5/5        EV:  7    Int:  9    God:
Gold:   113        SH:  9    Dex: 12    Spells: 4/4 levels left

rFire    . . .     SeeInvis .   a - +0 long sword
rCold    . . .     Gourm    .   c - +0 shield
rNeg     . . .     Faith    .   b - +0 scale mail
rPois    .         Spirit   .   (helmet restricted)
rElec    .         Reflect  .   (no cloak)
rCorr    .         Harm     .   (no gloves)
MR       .....                  (no boots)
Stlth    ..........             (no amulet)
Regen    0.2/turn               (no ring)
MPRegen  0.1/turn               (no ring)

@: no status effects
A: antennae 1, powered by death 1, rot immunity
a: no special abilities


You were on level 4 of the Dungeon.
You were very hungry.

You visited 1 branch of the dungeon, and saw 4 of its levels.

You collected 113 gold pieces.

Inventory:

Hand Weapons
 a - a +0 long sword (weapon)
Armour
 b - a +0 scale mail (worn)
 c - a +0 shield (worn)
 n - a +0 helmet
Scrolls
 e - 3 scrolls of remove curse {unknown}
 g - a scroll of magic mapping {unknown}
 h - a scroll of amnesia {unknown}
 i - 2 scrolls of recharging {unknown}
 o - a scroll of immolation {unknown}
 p - a scroll of identify {unknown}
Potions
 d - a potion of might
 k - a potion of magic {unknown}
 l - a potion of heal wounds {unknown}
 m - a potion of curing {unknown}
Comestibles
 f - 2 bread rations
 j - a fruit


   Skills:
 + Level 3.5 Fighting
 + Level 2.9 Long Blades
 + Level 3.5 Armour
 + Level 1.1 Dodging
 + Level 0.6 Stealth
 + Level 3.4 Shields


You had 4 spell levels left.
You didn't know any spells.

Dungeon Overview and Level Annotations

Branches:
Dungeon (4/15)
 Temple: D:4-7

Altars:
Elyvilon
Qazlal

Annotations:
D:3 AnotherOne's ghost, amateur MiBe


Innate Abilities, Weirdness & Mutations

You have a pair of small antennae on your head.
You regenerate a little health from kills.
You are immune to rotting.


Message History

You block the hound's attack. The hound bites you but does no damage.
The hound bites you.
You miss the hound.
The hound is heavily wounded.
You block the hound's attack. The hound bites you but does no damage.
You hit the hound.
The hound is severely wounded.
The hound barely misses you. The hound bites you.
* * * LOW HITPOINT WARNING * * *
Your shield and scale mail prevent you from hitting the hound.
The hound is severely wounded.
You block the hound's attack. The hound closely misses you.
Your scale mail prevents you from hitting the hound.
The hound is severely wounded.
The hound bites you but does no damage. The hound bites you.
* * * LOW HITPOINT WARNING * * *
You closely miss the hound.
The hound is severely wounded.
The hound bites you.
You die...

#.....#
#...[.#
#.....# .#
#.....# .#
#.....##.#
#......#.#
#......#(#
#......#.#
#....@h#.#
#........#
#.....#..#
#######..#
#.<# #).#
#..# ##>#
#.#


You could see a hound.

Vanquished Creatures
  A phantom (D:4)
  2 adders (D:3)
  A worm (D:2)
  2 dart slugs (D:2)
  2 leopard geckos
  2 orcs
  5 giant cockroaches
  A goblin (D:1)
  2 hobgoblins
  9 jackals
  2 kobolds
  3 quokkas
  A ball python (D:3)
  7 bats
  6 frilled lizards
  7 rats
53 creatures vanquished.

Vanquished Creatures (others)
  A ball python (D:2)
  A rat (D:2)
2 creatures vanquished.

Grand Total: 55 creatures vanquished

Notes
Turn   | Place    | Note
-------+----------+-------------------------------------------
     0 | D:1      | Peloso the Demonspawn Fighter began the quest for the Orb.
     0 | D:1      | Reached XP level 1. HP: 18/18 MP: 1/1
   216 | D:1      | Gained mutation: You are immune to rotting. [demonic ancestry]
   216 | D:1      | Reached XP level 2. HP: 24/24 MP: 2/2
   907 | D:2      | Reached XP level 3. HP: 29/29 MP: 3/3
  1214 | D:2      | Found a white marble altar of Elyvilon.
  1558 | D:3      | Found a stormy altar of Qazlal.
  1668 | D:3      | Noticed AnotherOne's ghost (amateur MiBe)
  2273 | D:3      | Reached skill level 1 in Dodging
  2273 | D:3      | Gained mutation: You regenerate a little health from kills. [demonic ancestry]
  2273 | D:3      | Reached XP level 4. HP: 19/35 MP: 4/4
  2519 | D:4      | Noticed a phantom
  2562 | D:4      | Killed a phantom
  2562 | D:4      | Gained mutation: You have a pair of small antennae on your head. [demonic ancestry]
  2562 | D:4      | Reached XP level 5. HP: 4/41 MP: 5/5
  2658 | D:4      | Slain by a hound

Skill      XL: |  1  2  3 |
---------------+----------+-----
Shields        | 3 |  3.4
Long Blades    | 2 |  2.9
Armour         | 3 |  3.5
Dodging        | 1 |  1.1
Fighting       | |  3.5
Stealth        | |  0.6

Action                   |  1- 3 |  4- 6 || total
-------------------------+-------+-------++-------
Melee: Long sword        |   198 |    61 ||   259
  Eat: Chunk             |     4 |     1 ||     5
Armor: Scale mail        |   105 |    25 ||   130
Dodge: Dodged            |    76 |    20 ||    96
Block: Shield            |   117 |    40 ||   157
       Rpst.: Long sword |    22 |     4 ||    26
